 Dungeon Crawl Stone Soup version 0.31-a0-1424-g2add1c7226 (webtiles) character file.

Game seed: 1533201267405171294

1939 Curundu the Trooper (level 8, -4/71 HPs)
             Began as a Minotaur Berserker on Dec 26, 2023.
             Was an Elder of Trog.
             Slain by an orc warrior
             ... wielding a +0 glaive
              (5 damage)
             ... on level 6 of the Dungeon.
             The game lasted 00:20:05 (5542 turns).

Curundu the Trooper (Minotaur Berserker)            Turns: 5542, Time: 00:20:06

Health: -4/71      AC: 18    Str: 29    XL:     8   Next: 98%
Magic:  0/7        EV: 11    Int:  4    God:    Trog [****..]
Gold:   159        SH:  0    Dex: 11    Spells: 7/7 levels left

rFire   . . .        x - +2 flail (protect)
rCold   . . .        (no shield)
rNeg    . . .        z - +0 chain mail
rPois   .            (helmet restricted)
rElec   +            r - +0 cloak
rCorr   .            (no gloves)
SInv    .            (no boots)
Will    .....        m - amulet of guardian spirit Stlth
                     v - ring "Ohoschufa" {rElec Str+6 Stlth+}
HPRegen 0.31/turn    (no ring)
MPRegen 0.10/turn

%: guardian spirit
@: under a protective aura, studying Dodging
A: horns 2, retaliatory headbutt
a: Renounce Religion, Berserk, Trog's Hand, Brothers in Arms


You were on level 6 of the Dungeon.
You worshipped Trog.
Trog was greatly pleased with you.
You visited 1 branch of the dungeon, and saw 6 of its levels.

You collected 159 gold pieces.

Inventory:

Hand Weapons
 i - a +3 short sword
 x - a +2 flail of protection (weapon)
Missiles
 c - 7 javelins
 q - 12 curare-tipped darts
Armour
 r - a +0 cloak (worn)
 z - a +0 chain mail (worn)
Jewellery
 m - an amulet of guardian spirit (around neck)
 v - the ring "Ohoschufa" (left hand) {rElec Str+6 Stlth+}
   (You found it on level 4 of the Dungeon)

   [ring of strength]

   Str+6:     It affects your strength (+6).
   rElec:     It insulates you from electricity.
   Stlth+:    It makes you more stealthy.
Scrolls
 a - 2 scrolls of identify {unknown}
 b - a scroll of immolation {unknown}
 e - a scroll of poison {unknown}
 f - a scroll of brand weapon {unknown}
 g - a scroll of silence {unknown}
 k - 2 scrolls of noise {unknown}
 n - 2 scrolls of teleportation
 u - a scroll of fog {unknown}
 w - a scroll of torment {unknown}
 y - 2 scrolls of summoning {unknown}
Potions
 d - 4 potions of curing {unknown}
 h - a potion of magic {unknown}
 j - a potion of lignification {unknown}
 l - 2 potions of heal wounds {unknown}
 o - a potion of might {unknown}
 t - a potion of cancellation {unknown}


   Skills:
 + Level 6.6 Fighting
 + Level 5.1(5.9) Short Blades
 + Level 4.9(6.1) Long Blades
 + Level 6.3 Maces & Flails
 + Level 2.4 Throwing
 + Level 6.6 Armour
 + Level 5.4 Dodging
 + Level 1.3 Stealth


You had 7 spell levels left.
You didn't know any spells.
Your spell library was empty.

Dungeon Overview and Level Annotations

Branches:
Dungeon (6/15)             Temple (0/1) D:6

Altars:
Kikubaaqudgha
Makhleb
Vehumet
Wu Jian
Zin

Annotations:
D:4 2 runed translucent doors


Innate Abilities, Weirdness & Mutations

You have a pair of horns on your head.
You reflexively headbutt those who attack you in melee.


Message History

An orc comes into view. It is wielding a +0 flail.
The orc warrior hits you but does no damage.
The gnoll misses you.
The orc shouts!
You hit the gnoll but do no damage. The gnoll hits you but does no damage.
The gnoll barely misses you.
The orc warrior hits you from afar with a +0 glaive!
* * * LOW HITPOINT WARNING * * *
The gnoll misses you.
You sock the gnoll! Your headbutt misses the gnoll.
The gnoll is severely wounded.
The gnoll hits you from afar with a +0 spear.
* * * LOW HITPOINT WARNING * * *
The gnoll hits you with a +0 flail!
* * * LOW HITPOINT WARNING * * *
The orc warrior barely misses you.
The gnoll hits you from afar with a +0 halberd.
* * * LOW HITPOINT WARNING * * *
The gnoll closely misses you. The gnoll hits you but does no damage.
You hit the gnoll but do no damage.
You headbutt the gnoll, but do no damage.
The gnoll is severely wounded.
The gnoll is no longer moving quickly.
The orc warrior hits you from afar with a +0 glaive.
* * * LOW HITPOINT WARNING * * *
The gnoll misses you.
The gnoll hits you but does no damage. x2
You closely miss the gnoll. Your headbutt misses the gnoll.
The gnoll is severely wounded.
The orc warrior hits you from afar with a +0 glaive.
* * * LOW HITPOINT WARNING * * *
The gnoll hits you but does no damage. x3
Unknown command.
There are no items here.
Unknown command.
Activating: Brothers in Arms (24% risk of failure)
Press: ? - help, Q - select action, (/) - cycle Dir - look around, f - activate Your ogre goes berserk!
Trog will no longer gift you weapons.
The orc warrior hits you from afar with a +0 glaive.
You die...

#...## ......#
.....######.#
...>..
............# #...#
.....######## #..#
#...######### #..#
............####o.#
...########....ggo#
#### ######g## #@#
#.# #O# #.# #.# #.#
#.# #.# #.#


You could see an orc warrior, 3 gnolls, an orc and a friendly ogre (summoned,
berserk).

Vanquished Creatures
  The ghost of Savior361 the Fighter, a novice OnFi (D:5)
  A black bear (D:4)
  An ogre (D:5)
  A phantom (D:5)
  A bullfrog (D:6)
  A wyvern skeleton (D:5)
  3 howler monkeys
  4 bombardier beetles
  A bullfrog zombie (D:5)
  2 hounds
  2 gnoll boudas (D:6)
  3 jellies (D:2)
  2 sleepcaps (D:4)
  2 orc wizards (D:5)
  2 iguanas
  Robin (D:3)
  18 gnolls
  7 adders
  2 ufetubi (D:5)
  A worm (D:2)
  19 orcs
  12 endoplasms
  3 giant cockroaches
  12 goblins
  9 hobgoblins
  8 jackals
  19 kobolds
  3 quokkas
  8 ball pythons
  5 bats
  3 frilled lizards
  8 rats
165 creatures vanquished.

Notes
Turn   | Place    | Note
-------+----------+-------------------------------------------
     0 | D:1      | Curundu the Minotaur Berserker began the quest for the Orb.
     0 | D:1      | Reached XP level 1. HP: 19/19 MP: 0/0
    47 | D:1      | Reached XP level 2. HP: 17/27 MP: 1/1
   247 | D:1      | You fall into a shaft and drop 1 floor!
   437 | D:2      | Reached XP level 3. HP: 7/33 MP: 2/2
   614 | D:2      | Found a faded altar of an unknown god.
  1049 | D:2      | Reached ** piety under Trog
  1050 | D:2      | Reached XP level 4. HP: 41/41 MP: 3/3
  1111 | D:2      | Found a glowing silver altar of Zin.
  1111 | D:2      | Found a burning altar of Makhleb.
  1111 | D:2      | Found a burning altar of Makhleb.
  1111 | D:2      | Found an ornate altar of the Wu Jian Council.
  1111 | D:2      | Found an ancient bone altar of Kikubaaqudgha.
  1111 | D:2      | Found an ancient bone altar of Kikubaaqudgha.
  1132 | D:2      | Reached skill level 1 in Short Blades
  1137 | D:2      | Reached XP level 5. HP: 17/47 MP: 2/4
  1703 | D:2      | Reached skill level 5 in Fighting
  1740 | D:3      | Found a burning altar of Makhleb.
  2125 | D:3      | Reached *** piety under Trog
  2133 | D:3      | Noticed Robin
  2167 | D:3      | Killed Robin
  2854 | D:3      | Reached XP level 6. HP: 56/56 MP: 5/5
  3161 | D:4      | Found a large runed translucent door.
  3161 | D:4      | Found a large runed translucent door.
  3172 | D:4      | Found a large runed translucent door.
  3173 | D:4      | Found a large runed translucent door.
  3270 | D:4      | Found the +9 staff of Olgreb {rPois∞}
  3415 | D:4      | Found a radiant altar of Vehumet.
  3416 | D:4      | Reached **** piety under Trog
  3573 | D:4      | Reached skill level 1 in Throwing
  3573 | D:4      | Reached XP level 7. HP: 25/61 MP: 2/6
  3714 | D:4      | Identified the ring "Ohoschufa" {rElec Str+6 Stlth+}
  3860 | D:5      | Entered Level 5 of the Dungeon
  3962 | D:5      | Reached skill level 5 in Short Blades
  4045 | D:5      | Reached skill level 1 in Maces & Flails
  4223 | D:5      | Reached skill level 5 in Armour
  4399 | D:5      | Reached skill level 1 in Stealth
  4425 | D:5      | Reached XP level 8. HP: 70/70 MP: 7/7
  4610 | D:5      | Found a runed translucent gate.
  4610 | D:5      | Found a runed translucent gate.
  4610 | D:5      | Found a runed translucent gate.
  4613 | D:5      | Noticed Savior361's ghost (novice OnFi)
  4739 | D:5      | Killed Savior361's ghost
  4740 | D:5      | Reached skill level 5 in Maces & Flails
  4740 | D:5      | Reached skill level 5 in Dodging
  4742 | D:5      | HP: 2/71 [wyvern skeleton (5)]
  5040 | D:6      | Found a staircase to the Ecumenical Temple.
  5334 | D:6      | Reached ***** piety under Trog
  5541 | D:6      | HP: 1/71 [orc warrior/+0 glaive (5)]
  5542 | D:6      | Slain by an orc warrior

Illustrated notes

Levels and vault maps discovered:
D:1:      lightli_arrival_chessboard, layout_rooms
D:2:      cheibrodos_fertilizer, layout_basic,
          shapermc_ecumenical_altar_starsandcircs
D:3:      layout_basic, lemuel_crystal_altar, kennysheep_generic_room_11,
          uniq_robin
D:4:      layout_basic, fiery_altar_vehumet, kennysheep_small_spiral,
          minmay_hollow_rounded_squares, uniq_pikel, uniq_eustachio
D:5:      layout_basic, gammafunk_ghost_necromancy, kennysheep_nondescript
D:6:      layout_loops_ring, minitemple, minmay_temple_entry_statues_fountains,
          dreamdust_gnoll_farm

Skill      XL: |  1  2  3  4  5  6  7  8 |
---------------+-------------------------+-----
Fighting       | 4 5 6 |  6.6
Long Blades    | 4 |  4.9
Short Blades   | 2 3 4 5 |  5.1
Dodging        | 3 4 5 |  5.4
Armour         | 3 4 5 6 |  6.6
Throwing       | 1 2 |  2.4
Maces & Flails | 2 6 |  6.3
Stealth        | 1 |  1.3

Action                     |  1- 3 |  4- 6 |  7- 9 || total
---------------------------+-------+-------+-------++-------
  Melee: Falchion          |    57 |       |       ||    57
         Headbutt          |    13 |    37 |    25 ||    75
         Punch             |     1 |       |     4 ||     5
         Short sword       |    16 |   189 |    13 ||   218
         Flail             |       |       |   136 ||   136
  Throw: Javelin           |       |    19 |    10 ||    29
 Invoke: Trog's Hand       |       |       |     1 ||     1
         Brothers in Arms  |       |       |     1 ||     1
    Use: Scroll            |       |       |     1 ||     1
   Stab: Sleeping          |       |       |     1 ||     1
 Armour: Animal skin       |    47 |    27 |       ||    74
         Ring mail         |       |    85 |    92 ||   177
         Chain mail        |       |       |    42 ||    42
  Dodge: Dodged            |    62 |    96 |   109 ||   267

Table legend: (Time is in decaauts)
 A = Elapsed time spent in this place.
 B = Non-inter-level travel time spent in this place.
 C = Inter-level travel time spent in this place.
 D = Time resting spent in this place.
 E = Time spent auto-exploring this place.
 F = Levels seen in this place.
 G = Mean time per level.
                   A        B        C        D        E       F      G
               +--------+--------+--------+--------+--------+-----+--------+
         Total |   5550 |   5550 |      0 |    935 |   3274 |   6 |  925.0 |
       Dungeon |   5550 |   5550 |      0 |    935 |   3274 |   6 |  925.0 |
               +--------+--------+--------+--------+--------+-----+--------+

Top non-repeatable levels by time:
     D:2: 1470 daAuts
     D:5: 1206 daAuts
     D:3: 1187 daAuts
     D:4: 922 daAuts
     D:6: 512 daAuts
     D:1: 250 daAuts
